[Event "European Women-ch 2023"]
[Site "Petrovac"]
[Date "2023.03.20"]
[Round "3.3"]
[White "Rudzinska, Michalina"]
[Black "Shuqja, Klean"]
[Result "1-0"]
[ECO "B12"]
[WhiteElo "2212"]
[BlackElo "1884"]
[Annotator "TA"]
[PlyCount "77"]
[EventDate "2023.03.15"]
[EventType "swiss"]
[EventCountry "MNE"]
[SourceTitle "playchess.com"]
[Source "ChessBase"]
[SourceQuality "1"]
[TimeControl "40/5400+30:1800+30"]

1. e4 c6 2. d4 d5 3. f3 dxe4 4. fxe4 e5 5. Nf3 exd4 6. Bc4 Bb4+ (6... Nf6 $11) 7. c3 $14 {[%emt 0:03:44] B12: Caro-Kann: Advance Variation.} dxc3 (7... Ba5 $1 $14) 8. Qxd8+ (8. Bxf7+ $1 $18 {is the precise move to win.} Ke7 9. Qxd8+ (9. Nxc3 $2 {perishes.} Qxd1+ 10. Kxd1 Kxf7 $19) 9... Kxd8 10. Nxc3 (10. bxc3 Be7 $16)) 8... Kxd8 $16 9. bxc3 {[%emt 0:00:11] White is better.} Bd6 10. e5 {[%emt 0:02:23] [#]} ({Don't play} 10. Bxf7 Nd7 $11) 10... Bc5 $146 ({Predecessor:} 10... Bc7 11. O-O Nd7 12. e6 fxe6 13. Ng5 Bb6+ 14. Kh1 Ne5 15. Bf4 Nxc4 16. Nf7+ Ke7 17. Nxh8 {0-1 Darowicki,M (1942)-Nowacki,K (1608) Kowalewo Pomorskie op-B 2008 (2.22)}) 11. Bxf7 (11. Nbd2 $1 $16 ) 11... Nh6 $14 12. Bxh6 gxh6 13. Nbd2 {[%emt 0:01:53] next e6 is good for White.} Bf5 (13... Na6 $11 {remains equal.}) 14. Nb3 $16 Bb6 (14... Na6 $16 {might work better.}) 15. Nbd4 (15. Nh4 $1 $18 {[%cal Rh4f5] is more deadly.} Be4 16. O-O-O+ Ke7 17. Rhe1 (17. Rhf1 Na6 $16)) 15... Bg6 16. Bxg6 ({White should try} 16. e6 $1 $16) 16... hxg6 $14 17. O-O-O Ke7 $1 18. h4 (18. Rhf1 {keeps more tension.} Rg8 19. e6 Na6 20. Ne5) 18... Nd7 19. h5 Bxd4 20. Rxd4 (20. Nxd4 $5 c5 21. Nc2 $14) 20... g5 21. Re1 (21. Rhd1 $5 Nc5 22. Rd6 $11) 21... Rad8 (21... Nc5 $11) 22. e6 $1 $16 {[%emt 0:03:42][%cal Be5e6,Be6e7][%mdl 32] White has more active pieces.} Nc5 23. Ne5 $1 Rhe8 24. Ng6+ $1 Kf6 {[%emt 0:00:14] And now ...Rxd4 would win.} 25. Rxd8 Rxd8 {[%emt 0:00:19][%mdl 4096] Endgame KRN-KRN} 26. e7 Re8 {[%emt 0:00:27] ...Nd3+ is the strong threat.} 27. Kc2 {[%emt 0:10:53] Inhibits Nd3.} Na4 ({Black should play} 27... Ne6 $14) 28. Rf1+ $1 Ke6 29. Rf8 {[%emt 0:03:37] Wards off Nc5} Kd7 30. Rf7 (30. Kd3 $16) 30... Nb6 (30... Ke6 $14 31. Rf8 Kd7) 31. Rh7 (31. Kd3 $1 $16) 31... Nd5 $14 32. Rxh6 Ne3+ {[%emt 0:01:23] [#]} 33. Kd3 (33. Kd2 $1 $16 Ng4 34. Rh7) 33... Nxg2 (33... Ng4 $1 $11 34. Rh7 Nf6) 34. Ke4 $18 Nh4 {[%emt 0:01:22] [#]} 35. Rh7 (35. Ke5 $1 $18 Nxg6+ 36. hxg6 Kxe7 37. Rh7+ Kf8+ 38. Kf6) 35... Nxg6 (35... Ke6 $14) 36. hxg6 $16 Ke6 (36... g4 $16) 37. g7 {[%emt 0:03:32] White mates.} Kf7 38. Kf5 g4 39. Rh8 {[%emt 0:00:26] Weighted Error Value: White=0.27 (precise) /Black=0.46} 1-0

[Event "European Women-ch 2023"]
[Site "Petrovac"]
[Date "2023.03.20"]
[Round "3.4"]
[White "Narva, Mai"]
[Black "Abdulla, Khayala"]
[Result "1/2-1/2"]
[ECO "C76"]
[WhiteElo "2389"]
[BlackElo "2221"]
[Annotator "TA"]
[PlyCount "139"]
[EventDate "2023.03.15"]
[EventType "swiss"]
[EventCountry "MNE"]
[SourceTitle "playchess.com"]
[Source "ChessBase"]
[SourceQuality "1"]
[TimeControl "40/5400+30:1800+30"]

1. e4 e5 2. Nf3 Nc6 3. Bb5 a6 4. Ba4 d6 5. c3 Bd7 6. O-O g6 7. d4 Bg7 8. h3 Nf6 {[%emt 0:00:51][%cal Bg8f6,Bf6h5,Bh5f4][%mdl 32] C76: Ruy Lopez: Deferred Steinitz: 5 c3 Bd7 6 d4 g6.} 9. Re1 O-O 10. Bc2 Re8 11. Nbd2 a5 {[%emt 0:02:05] [#]} 12. d5 $146 ({Predecessor:} 12. Nf1 a4 13. Ng3 b5 14. Bg5 h6 15. Be3 Qe7 16. Qd2 Kh7 17. Rad1 Na5 18. b3 axb3 19. axb3 {1-0 Sethuraman,S (2642)-Gupta,A (2601) IND-ch 59th New Delhi 2022 (6)}) 12... Ne7 13. c4 Nh5 14. Nf1 h6 15. Ne3 Nf4 16. h4 b5 17. g3 Nh5 18. Qe2 bxc4 19. Bd2 c6 20. dxc6 (20. Qxc4 cxd5 21. Nxd5 Nxd5 22. Qxd5 Nf6 $17) 20... Nxc6 21. Qxc4 Rc8 22. Qd3 Be6 23. Bc3 Qf6 24. Nd5 (24. Nd2 $14) 24... Bxd5 $15 25. exd5 Nb4 26. Bxb4 axb4 27. Nd2 (27. Bd1 $11 {and White has nothing to worry.}) 27... Qd8 $2 ({Black should try} 27... e4 $1 $19 28. Nxe4 Qxb2) 28. Bd1 $11 Nf6 29. Ba4 Rf8 30. Rac1 Ng4 {[%emt 0:07:44] Black is weak on the light squares} 31. Rc6 f5 {[%emt 0:02:34] Dodges Ne4} (31... Qf6 $2 32. Ne4 Qd8 33. Rxd6 $18) 32. Qe2 (32. Nc4 $11) 32... h5 $15 33. Nc4 ({White should play} 33. Rec1 $15 Ra8 34. Bc2) 33... Rxc6 34. dxc6 (34. Bxc6 $2 f4 35. Rf1 (35. f3 $2 fxg3 36. Kg2 Nh2 $19) 35... Qe7 $19) 34... f4 $1 {[%emt 0:02:40] And now ...d5 would win.} 35. Qd3 (35. Qd2 $17 e4 36. Bd1 (36. Rxe4 fxg3 37. fxg3 d5 $17)) 35... fxg3 36. fxg3 Qf6 (36... d5 $19 37. Ne3 e4 38. Qxd5+ Qxd5 39. Nxd5 Bd4+ 40. Kh1 Rf2 41. Nf6+ (41. Nxb4 $2 Rh2#) (41. Ne7+ Kh7 42. Kg1 Rd2+ {[%mdl 64] Discovered Attack}) 41... Bxf6 42. Rxe4 Be5 43. Bb3+ Kf8) 37. Rf1 $11 {[%emt 0:00:37] The board is on fire. Active counter play!} (37. Nxd6 $2 Qf2+ 38. Kh1 Qh2#) 37... Qe6 (37... Qe7 $11 38. c7 (38. Nxd6 $2 Qa7+ 39. Kh1 Rxf1+ 40. Qxf1 Qxa4 $19) 38... Rxf1+ 39. Kxf1 Qf7+ 40. Ke2 Qxc7) 38. Rxf8+ $18 (38. Qxd6 $2 {is the wrong capture.} Rxf1+ 39. Kxf1 Qxc4+ $19) 38... Bxf8 39. Bb3 $2 (39. Bc2 $18 b3 40. axb3 (40. Bxb3 d5 $18)) 39... d5 $11 {[%emt 0:00:20] [#]} 40. Nxe5 Bc5+ $17 (40... Qxe5 $2 41. Qxd5+ Qxd5 42. Bxd5+ Kh7 43. c7 $18) (40... Nxe5 $2 41. Bxd5 Nxd3 42. Bxe6+ Kh7 43. c7 $18) 41. Kg2 {[%emt 0:01:27][%cal Oc6c7] Threatens to win with c7!} Ne3+ $40 {[%emt 0:04:42][%mdl 128] Black has strong attack.} (41... Qxe5 $2 42. Qxd5+ Qxd5+ 43. Bxd5+ Kg7 44. c7 Ne3+ 45. Kf3 Nxd5 46. c8=Q $18 (46. c8=R Be7 $11)) 42. Kh2 $2 (42. Kf3 $17 {was necessary.} Qf6+ 43. Ke2 Qxe5 44. Qxg6+ Kf8 45. Qh6+ Ke8 46. Qg6+ Kd8 47. Qg5+ Qxg5 48. hxg5) 42... Qxe5 $19 43. Qxg6+ Kf8 44. c7 $2 (44. Qh6+ {was called for.} Ke8 45. Qg6+ Kd8 46. Qg5+ Qxg5 47. hxg5) 44... Qxc7 (44... Qxb2+ $2 45. Bc2 Qxc2+ 46. Qxc2 Nxc2 47. c8=Q+ $18) 45. Bxd5 Nxd5 46. Qf5+ Qf7 47. Qc8+ Kg7 48. Qxc5 Qf3 49. a4 $2 (49. Qc2) 49... Nf6 $2 (49... Qd3 $19 {is more deadly.} 50. Qb5 Qc2+ 51. Kh3 Qf5+ 52. Kg2 Qe4+ 53. Kf2 Nf6 54. Qg5+ Kf7) 50. Qc7+ $17 Kf8 51. Qc5+ $2 (51. Qb8+ $1 $11 {and White stays safe.} Kf7 52. Qc7+ Ke6 53. Qb6+ Ke5 54. Qb8+ Kf5 55. Qc8+ Ke4 56. Qc6+ Nd5 57. Qc2+ Kd4 58. Qg2) 51... Ke8 $1 $19 {[%emt 0:01:12] Strongly threatening ...Qe2+.} 52. Qc8+ {[%emt 0:02:50] [#]} Ke7 $1 53. Qc5+ $1 Ke6 54. Qb6+ $2 {[%emt 0:01:25][%mdl 8192] [#]} (54. Qc8+ $1 $15 Ke5 55. Qb8+ Kf5 56. Qc8+ Ke4 57. Qc6+ Nd5 58. Qc2+ Kd4 59. Qd2+ Ke5 60. Qh6) 54... Ke5 $1 {[%emt 0:02:24] ( -> ...Ng4+)} 55. Qb8+ Ke6 $2 (55... Kf5 $19 56. Qc8+ Ke4 57. Qc4+ Ke5 58. Qc7+ Kd4 59. Qf4+ Qxf4 60. gxf4 Ke4) 56. Qb6+ $15 Kf7 57. Qc7+ Kg6 58. Qc2+ Ne4 (58... Kh6 $5 59. Qc1+ Kg7 60. Qc7+ Kf8 61. Qc5+ Ke8 62. Qb5+ Kd8 63. Qb6+ Kc8 64. Qc5+ Kd7 65. Qa7+ Kd8 66. Qd4+ Ke8 67. Qe5+ Kd7 68. Qb5+ Kd8 69. Qa5+ Kd7 70. Qa7+ Ke6 71. Qb6+ $19) 59. Qc6+ {[%emt 0:01:59] The position is equal.} Kf5 60. Qd5+ Kf6 61. Qc6+ Ke5 62. Qb5+ $1 Ke6 63. Qc6+ Ke5 64. Qb5+ $1 Ke6 65. Qc6+ Kf7 (65... Ke5 $5 66. Qb5+ $8 $11) 66. Qd7+ Kg6 67. Qc6+ Kg7 68. Qb7+ Kf6 (68... Kg6 $5 69. Qc6+ $8 $11) 69. Qc6+ Ke5 70. Qb5+ $1 {[%emt 0:00:10] Weighted Error Value: White=0.67/Black=0.35} 1/2-1/2

[Event "European Women-ch 2023"]
[Site "Petrovac"]
[Date "2023.03.20"]
[Round "3.4"]
[White "Tsolakidou, Stavroula"]
[Black "Badelka, Olga"]
[Result "1/2-1/2"]
[ECO "C67"]
[WhiteElo "2358"]
[BlackElo "2428"]
[Annotator "TA"]
[PlyCount "69"]
[EventDate "2023.03.15"]
[EventType "swiss"]
[EventCountry "MNE"]
[SourceTitle "playchess.com"]
[Source "ChessBase"]
[SourceQuality "1"]
[TimeControl "40/5400+30:1800+30"]

1. e4 e5 2. Nf3 Nc6 3. Bb5 Nf6 4. O-O Nxe4 5. Re1 Nd6 6. a4 {[%emt 0:00:16] C67: Ruy Lopez: Berlin Defence: 4 0-0 Nxe4.} Be7 7. Nc3 a6 8. Bf1 e4 {[%emt 0:00:52][%mdl 64] [#] Deflection} 9. Nxe4 Nxe4 10. Rxe4 d5 11. Re1 Bg4 12. h3 Bh5 13. Be2 O-O 14. d4 Bd6 {[%emt 0:06:38] [#]} 15. Ne5 $1 Bxe2 16. Rxe2 Ne7 {[%emt 0:13:06] [#]} 17. c3 $146 ({Predecessor:} 17. Qd3 a5 18. Bd2 f6 19. Nf3 Qd7 20. b3 Ng6 21. Rae1 b6 22. h4 Rfe8 23. h5 {½-½ Vokhidov,S (2568)-Deac,B (2700) Speed Chess Q1 blitz 2022 (5)}) 17... c6 18. Bf4 Re8 19. Qd2 Bxe5 20. dxe5 Qd7 {[%emt 0:02:35] Black is weak on the dark squares} 21. Rae1 Ng6 22. Bh2 c5 23. f4 Rad8 {[%emt 0:00:41] The position is equal.} ({But not} 23... Qxa4 24. Qxd5 Qc6 25. Qxc6 bxc6 26. f5 $16) 24. g4 d4 25. f5 {[%emt 0:01:30] aiming for e6.} Nf8 26. cxd4 $1 cxd4 27. a5 Qb5 28. Rd1 Rd5 29. Re4 d3 30. Re3 Red8 31. Bg3 h6 32. e6 fxe6 33. fxe6 {[%emt 0:00:03] Strongly threatening e7.} Re8 34. e7 Ng6 35. Rxd3 {[%emt 0:00:20] An even fight not without its subleties.   Weighted Error Value: White=0.04 (flawless) /Black=0.04 (flawless)} 1/2-1/2

[Event "European Women-ch 2023"]
[Site "Petrovac"]
[Date "2023.03.20"]
[Round "3.4"]
[White "Kubicka, Anna"]
[Black "Maras, Marija Mia"]
[Result "1-0"]
[ECO "B22"]
[WhiteElo "2211"]
[BlackElo "1051"]
[Annotator "TA"]
[PlyCount "45"]
[EventDate "2023.03.15"]
[EventType "swiss"]
[EventCountry "MNE"]
[SourceTitle "playchess.com"]
[Source "ChessBase"]
[SourceQuality "1"]
[TimeControl "40/5400+30:1800+30"]

1. e4 c5 2. Nf3 Nc6 3. c3 g6 4. d4 cxd4 5. cxd4 e6 (5... d6 $14) 6. d5 $18 {[%emt 0:03:28] B22: Sicilian: 2 c3.} exd5 7. exd5 Qa5+ (7... Qe7+ $142 8. Be2 Ne5) 8. Nc3 {[%emt 0:01:35] White has a decisive advantage.} Nce7 {[%emt 0:01:14] [#]} 9. d6 $146 ({Predecessor:} 9. Qd4 Nf6 10. Qxf6 Rg8 11. d6 Nf5 12. Bc4 Nxd6 13. O-O Qd8 14. Re1+ Be7 15. Qxd6 Kf8 16. Bh6+ {1-0 Kabanov,N (2450)-Ahmed,H (1570) Wch Rapid St Petersburg 2018 (3)}) 9... Nf5 {[%emt 0:00:58] Prevents Qd4} 10. Qe2+ Kd8 11. Ng5 Nxd6 12. Bf4 Bg7 $2 (12... Be7 13. Qd2 h6 14. Bxd6 Qxg5) 13. O-O-O Bxc3 14. Rxd6 Qxa2 15. bxc3 {[%emt 0:03:14][%mdl 64] [#] Discovered Attack} Qa1+ 16. Kd2 Qb2+ 17. Kd1 Qb3+ 18. Qc2 Qxc2+ 19. Kxc2 Ke7 20. Bc4 Nf6 21. Re1+ {[%emt 0:00:16][%mdl 64] [#] Deflection. White mates.} Kf8 22. Rxf6 b6 23. Rxf7+ {[%emt 0:00:07] Black did not feel at home in the position after the opening. A cool game by Kubicka.   Weighted Error Value: White=0.11 (very precise) /Black=0.75} 1-0

[Event "European Women-ch 2023"]
[Site "Petrovac"]
[Date "2023.03.20"]
[Round "3.5"]
[White "Mkrtchian, Lilit"]
[Black "Sandu, Mihaela"]
[Result "1-0"]
[ECO "A13"]
[WhiteElo "2379"]
[BlackElo "2211"]
[Annotator "TA"]
[PlyCount "51"]
[EventDate "2023.03.15"]
[EventType "swiss"]
[EventCountry "MNE"]
[SourceTitle "playchess.com"]
[Source "ChessBase"]
[SourceQuality "1"]
[TimeControl "40/5400+30:1800+30"]

1. Nf3 Nf6 2. c4 e6 3. g3 d5 4. Bg2 d4 5. d3 Nc6 6. O-O Bc5 {[%emt 0:00:16] A13: English Opening: 1...e6.} 7. e3 {[%emt 0:13:34] 7.Nbd2 is setting a new trend.} e5 8. exd4 Bxd4 {[%emt 0:00:35] [#] The position is equal.} 9. Nbd2 $146 (9. Nc3 $5 ) ({Predecessor:} 9. Nc3 O-O 10. Bg5 h6 11. Bxf6 Qxf6 12. Nxd4 Nxd4 13. f4 c6 14. Qd2 Bf5 15. Rae1 exf4 16. Qxf4 Bxd3 17. Qxf6 gxf6 18. Rxf6 {½-½ Muradli,M (2540)-Wei,Y (2722) SCO National Chess Online rapid 2022 (1)}) 9... O-O 10. Nb3 Bg4 11. h3 Bxf3 12. Qxf3 a5 13. Bg5 a4 14. Nxd4 Nxd4 15. Qxb7 Rb8 16. Qa6 Rxb2 17. Qxa4 Ne2+ {[%emt 0:11:06][%mdl 64] Discovered Attack} 18. Kh1 Qxd3 19. Bxf6 gxf6 20. Qc6 Qc2 {[%emt 0:08:21] [#]} (20... Kg7 $1 $11 {keeps the balance.}) 21. a4 $1 $16 {[%emt 0:02:45][%cal Ba2a4,Ba4a5,Ba5a6,Ba6a7][%mdl 32] aiming for a5.} Rd8 {[%emt 0:16:03] [#]} (21... Kg7 $16 {was necessary.}) 22. a5 $1 $18 (22. Qxf6 $2 Nxg3+ 23. Kg1 Rd6 $19) 22... Rd2 $2 (22... Rd6 23. Qf3 (23. Qxc7 Nxg3+ {[%mdl 64] Pin, Double Attack} 24. Kh2 Nxf1+ 25. Rxf1 Rd2 $11) 23... Qxc4) 23. Qxf6 ({Inferior is} 23. Qxc7 h5 24. Qc6 (24. Bd5 $2 Nxg3+ 25. Kg1 Rxd5 $19 {[%mdl 64] Pin}) 24... Nxg3+ 25. fxg3 Rxg2 26. Rxf6 Rh2+ 27. Kg1 Qg2+ 28. Qxg2 Rbxg2+ 29. Kf1 Rxg3 $11) (23. Be4 Nxg3+ 24. Kg1 Nxe4 25. Rac1 Qd3 26. Qa8+ Kg7) 23... Qxc4 24. Qg5+ Kf8 25. a6 {[%emt 0:03:49] White wants to mate with a7.} Ra2 26. a7 {[%emt 0:01:14] Weighted Error Value: White=0.04 (flawless) /Black=0.59} 1-0

[Event "European Women-ch 2023"]
[Site "Petrovac"]
[Date "2023.03.20"]
[Round "3.5"]
[White "Cyfka, Karina"]
[Black "Wagner, Dinara"]
[Result "1/2-1/2"]
[ECO "D38"]
[WhiteElo "2350"]
[BlackElo "2411"]
[Annotator "TA"]
[PlyCount "49"]
[EventDate "2023.03.15"]
[EventType "swiss"]
[EventCountry "MNE"]
[SourceTitle "playchess.com"]
[Source "ChessBase"]
[SourceQuality "1"]
[TimeControl "40/5400+30:1800+30"]

1. d4 Nf6 2. c4 e6 3. Nf3 d5 4. Nc3 Bb4 5. Qa4+ Nc6 6. e3 O-O 7. Bd2 dxc4 {[%emt 0:00:31] D38: Queen's Gambit Declined: Ragozin Defence (4 Nf3 Bb4).} 8. Bxc4 Bd6 9. Qc2 e5 10. dxe5 Nxe5 11. Nxe5 Bxe5 {[%emt 0:00:04] The position is equal.} 12. f4 Bxc3 13. Bxc3 Ng4 14. Bd4 c5 15. Bxc5 {[%emt 0:00:41] [#] aiming for Qb3. A strong pair of Bishops.} Re8 $1 16. O-O {[%emt 0:01:51] With the idea Rfd1.} Nxe3 17. Bxe3 Rxe3 {[%emt 0:00:08] [#] Not much happened in this game.   Weighted Error Value: White=0.03 (flawless) /Black=0.03 (flawless)} {Predecessor:} 18. Qf2 $146 Re8 19. Rad1 Qf6 20. f5 Re5 21. Rd5 Bxf5 22. Rxe5 Qxe5 23. Bxf7+ Kxf7 24. Qxf5+ Qxf5 25. Rxf5+ {½-½ Xiong,J (2685)-So,W (2778) Chess.com Rapid Wk9 Swiss 2022 (6)} 1/2-1/2

[Event "European Women-ch 2023"]
[Site "Petrovac"]
[Date "2023.03.20"]
[Round "3.5"]
[White "Humbatova, Nazli"]
[Black "Stefanova, Antoaneta"]
[Result "0-1"]
[ECO "C60"]
[WhiteElo "1737"]
[BlackElo "2435"]
[Annotator "TA"]
[PlyCount "76"]
[EventDate "2023.03.15"]
[EventType "swiss"]
[EventCountry "MNE"]
[SourceTitle "playchess.com"]
[Source "ChessBase"]
[SourceQuality "1"]
[TimeControl "40/5400+30:1800+30"]

1. e4 e5 2. Nf3 Nc6 3. Bb5 a6 4. Ba4 Nge7 5. c3 g6 6. O-O Bg7 7. d4 b5 {[%emt 0:02:01] C60: Ruy Lopez: Unusual Black 3rd moves and 3...g6.} 8. Bc2 exd4 9. cxd4 O-O {[%emt 0:01:24] White is slightly better.} 10. Bg5 {[%emt 0:18:06] 10.h3 is the modern continuation.} h6 11. Be3 f5 {[%emt 0:18:57] [#]} 12. Qc1 $146 ({Predecessor:} 12. e5 f4 13. Bb3+ Kh8 14. Bc1 d6 15. Nc3 dxe5 16. dxe5 Qxd1 17. Rxd1 Nxe5 18. Nxe5 Bxe5 {0-1 Eludut,Y (1658)-Schoenmakers,V Cappelle Online Blitz op 1st 2021 (4)}) 12... Kh7 13. h4 (13. d5 $11 Nb4 14. Nc3) 13... Nb4 (13... fxe4 $17 14. Bxe4 d5) 14. exf5 Nxf5 15. h5 {[%emt 0:01:08][%mdl 64] Deflection} gxh5 {[%emt 0:01:57] Black is more active.} (15... Nxc2 {is more complex.} 16. hxg6+ Kh8 17. Qxc2 Bb7) 16. Bxf5+ Rxf5 17. a3 Nd5 (17... Nd3 $2 18. Qc2 $18) (17... Rxf3 $1 $17 18. axb4 Rf6) 18. Qc2 d6 19. Nc3 Nxc3 20. bxc3 Kh8 (20... Bd7 $1 $17 21. Rfe1 Kg8) 21. Rad1 ({Better is} 21. Qe4 $15 Bd7 22. Nh4) 21... Bd7 $17 22. d5 $2 {[%emt 0:01:18][%mdl 8192] [#]} (22. Qe4 $17) 22... Rxf3 $1 $19 23. gxf3 (23. Qg6 Qf6) 23... Qh4 24. Qe4 Qh3 25. Bf4 {[%emt 0:00:43] Wards off Be5} Bf5 26. Qe7 Qxf3 $2 (26... Rg8 {( -> ...Be5+)} 27. Qf7 Qxf3) 27. Qe3 {[%emt 0:00:56] [#] Against Be5. White is weak on the light squares} Qg4+ $40 {[%emt 0:02:42][%mdl 128] Black goes for the king.} (27... Be4 $1 $19 28. Qxf3 Bxf3) 28. Qg3 $17 Rg8 (28... Bxc3 29. Qxg4 hxg4 30. Bxh6) 29. Qxg4 ({White should play} 29. Kh2) 29... Bxg4 {[%emt 0:00:04] A strong pair of Bishops.} (29... hxg4 30. Rfe1 $17) 30. Rb1 (30. f3 $17 Bh3 31. Rfe1 Bxc3+ {[%mdl 64] Discovered Attack} 32. Kh2 Bxe1 33. Rxe1) 30... Bf5 $19 (30... Bxc3 31. Kh2 $17) 31. Kh1 Bxb1 ({Inferior is} 31... Bxc3 32. Rbc1 Ba5 33. Rg1 $17) 32. Rxb1 {[%emt 0:00:04][%mdl 4096] Endgame KRB-KRB} Rf8 (32... Bxc3 $2 {perishes.} 33. Be3 $19) 33. Be3 Bxc3 34. Rc1 Ba5 35. Bd4+ Kh7 36. Rg1 Rf7 {[%emt 0:00:05] Repels Rg7+} 37. Kg2 Rf5 38. Kh2 Rg5 $1 {[%emt 0:00:07] Dodges Rg7+. A cool game by Stefanova.   Weighted Error Value: White=1.17/Black=0.28 (precise)} ({And not} 38... Rxd5 39. Rg7+ Kh8 40. Bf6 $11) 0-1

[Event "European Women-ch 2023"]
[Site "Petrovac"]
[Date "2023.03.20"]
[Round "3.6"]
[White "Kiolbasa, Oliwia"]
[Black "Brunello, Marina"]
[Result "1-0"]
[ECO "B90"]
[WhiteElo "2406"]
[BlackElo "2346"]
[Annotator "TA"]
[PlyCount "61"]
[EventDate "2023.03.15"]
[EventType "swiss"]
[EventCountry "MNE"]
[SourceTitle "playchess.com"]
[Source "ChessBase"]
[SourceQuality "1"]
[TimeControl "40/5400+30:1800+30"]

1. e4 c5 2. Nf3 d6 3. d4 cxd4 4. Nxd4 Nf6 5. Nc3 a6 6. h3 e5 7. Nb3 Be6 {[%emt 0:01:46] 7...Be7 is the modern continuation. B90: Sicilian Najdorf: Unusual White 6th moves, 6 Be3 Ng4 and 6 Be3 e5.} 8. f4 exf4 (8... b5 $11) 9. Bxf4 $14 Be7 {[%emt 0:00:42] White is slightly better.} 10. Qe2 Nbd7 11. O-O-O Qc7 (11... O-O $14) 12. Kb1 O-O 13. g4 Ne5 {[%emt 0:00:48] [#]} 14. Nd5 $146 (14. g5 $16 Nfd7 15. Nd5 Bxd5 16. exd5) ({Predecessor:} 14. g5 Nfd7 15. Qg2 Rac8 16. h4 Nb6 17. Nd4 Nbc4 18. Nd5 Bxd5 19. exd5 Nxb2 20. Kxb2 Qc3+ 21. Kb1 Qb4+ 22. Ka1 Qc3+ 23. Kb1 {½-½ Schnider,G (2407)-Bilobrk,F (2354) Zadar op-A 2016 (7)}) 14... Bxd5 ({Black should play} 14... Nxd5 $14 15. exd5 Bd7) 15. exd5 $16 Rfe8 16. g5 $1 Nfd7 17. Qf2 Bf8 18. h4 g6 19. h5 Bg7 20. hxg6 hxg6 21. Rh3 Rac8 22. c3 {[%emt 0:05:00] White is more active.} Nb6 (22... b5 $16 23. Qh4 Qb7) 23. Bg2 Na4 24. Rdh1 {[%emt 0:07:57] Threatens to win with Qh4.} (24. Qh4 Nc4 25. Rdh1 Na3+ 26. Ka1 Nc2+ 27. Kb1 Na3+ 28. Ka1 Nc2+ 29. Kb1 Na3+ $11) 24... Qc4 $2 (24... Nc4) 25. Rh7 $18 (25. Qh4 Kf8 $16) 25... Ng4 {[%emt 0:29:32] [#]} (25... Nd3 26. Rxg7+ Kxg7 27. Be5+ Kf8 28. Rh8+ (28. Bxd6+ $2 Kg8 $19) 28... Ke7 29. Qf6+ Kd7 30. Qxd6#) (25... Nxc3+ $142 26. Ka1 (26. bxc3 Ng4 $16) 26... Nxd5 27. Bxe5 Rxe5 28. Bxd5 (28. Nd2 $2 Qf4 $19) 28... Rf5) 26. Qh4 $1 {[%emt 0:02:29] Rh8+ would kill now.} Re1+ 27. Rxe1 $2 ({Only move:} 27. Qxe1 $18 Nxc3+ 28. Ka1 Qxf4 29. Qh4 (29. bxc3 Ne3 $16)) 27... Nxc3+ $2 {[%emt 0:05:26][%mdl 8192] [#] A dynamic duo of knights.} (27... Qd3+ $11 28. Ka1 Bxc3) 28. Ka1 $1 {[%emt 0:03:39][%cal Oe1h1] White wants to mate with Rh1!} (28. bxc3 {gets mated.} Qd3+ 29. Kb2 Qxc3+ 30. Ka3 Qb2+ 31. Kb4 Bc3+ 32. Ka4 Qxa2#) 28... Qa4 29. Rxg7+ (29. Qxg4 $2 Qxa2#) 29... Kxg7 30. bxc3 (30. Qxg4 $2 Qxa2#) 30... Rxc3 31. Rh1 {[%emt 0:02:50] Weighted Error Value: White=0.49/Black=0.60} 1-0

[Event "European Women-ch 2023"]
[Site "Petrovac"]
[Date "2023.03.20"]
[Round "3.6"]
[White "Gaponenko, Inna"]
[Black "Chelushkina, Irina"]
[Result "1/2-1/2"]
[ECO "B57"]
[WhiteElo "2349"]
[BlackElo "2207"]
[Annotator "TA"]
[PlyCount "54"]
[EventDate "2023.03.15"]
[EventType "swiss"]
[EventCountry "MNE"]
[SourceTitle "playchess.com"]
[Source "ChessBase"]
[SourceQuality "1"]
[TimeControl "40/5400+30:1800+30"]

1. e4 c5 2. Nf3 Nc6 3. Nc3 d6 4. d4 cxd4 5. Nxd4 e5 6. Nf3 Be7 7. Bc4 Nf6 8. Bg5 O-O 9. O-O Bg4 10. Bxf6 Bxf6 11. h3 {[%emt 0:00:04] B57: Classical Sicilian: Sozin with 6...Qb6.} Be6 12. Nd5 Rc8 13. Bb3 {[%emt 0:27:45] [#] White is slightly better.} g6 $146 ({Predecessor:} 13... Bxd5 14. Qxd5 Qc7 15. c3 Ne7 16. Qd3 Ng6 17. g3 Rfd8 18. Nh2 Qd7 19. Kg2 Nf8 {1-0 Ozer,O (2323)-Buyukasik,D (2235) TUR-chT 1st League 2022 (6.1)}) 14. Nxf6+ Qxf6 15. Qxd6 Rcd8 {[%emt 0:00:35] The position is equal.} (15... Rfd8 $5 16. Qa3 Bxh3 $11) 16. Qc5 Bxh3 $1 {[%emt 0:00:13][%cal Oc6d4][%mdl 64] [#] Deflection} 17. Bd5 {[%emt 0:00:44] Black should prevent Bxc6.} Bg4 18. Nh2 ({Much weaker is} 18. Bxc6 Bxf3 19. gxf3 Rc8 $17) 18... Bd7 19. c3 {[%emt 0:00:11] Inhibits Nd4.} h5 20. Rfd1 Kg7 21. Rd3 b6 22. Qe3 Ne7 23. Rad1 {[%emt 0:00:22] [#] Bb3 is the strong threat.} Bc8 24. Bb3 Nc6 25. Bd5 Ne7 26. Bb3 Nc6 27. Bd5 Ne7 {[%emt 0:00:04] Weighted Error Value: White=0.06 (flawless) /Black=0.05 (flawless)} 1/2-1/2